Map: Defender's Landing LE

Players

Nerchio - Winner!

  • Race: Zerg Zerg
  • Spawn Location: 7:00

TIME (Oliveira)

  • Race: Terran Terran
  • Spawn Location: 1:00

Event: WCS Jonkoping 2017

VOD

Have the link to the VOD?

Description

Time

  • Played on: June 17, 2017, 3:23 p.m.
  • Length: 13:13

All games in this series

Show
View Real Time Build Order
Export as new Build Order

Nerchio Zerg - Winner!

Build Orders: Pool First 

Get SALT Encoding   

  12  0:00  Drone  
  13  0:13  Overlord  
  13  0:17  Drone  
  14  0:31  Drone x2  
  14  0:35  Drone  
  17  0:45  Spawning Pool  
  17  0:48  Drone  
  17  0:56  Drone  
  18  1:01  Extractor  
  17  1:14  Hatchery  
  17  1:17  Drone  
  17  1:21  Drone  
  18  1:32  Queen  
  18  1:36  Zergling x2  
  21  1:40  Drone  
  22  1:49  Overlord  
  22  2:01  Metabolic Boost  
  22  2:08  Queen  
  22  2:09  Drone  
  22  2:12  Drone  
  26  2:26  Queen  
  26  2:29  Drone x2  
  30  2:32  Drone  
  30  2:38  Overlord  
  30  2:42  Drone  
  30  2:43  Drone  
  32  2:46  Drone  
  33  3:01  Hatchery  
  33  3:03  Drone  
  33  3:05  Drone  
  34  3:08  Drone  
  35  3:14  Zergling x2  
  35  3:15  Zergling x4  
  35  3:16  Zergling x2  
  35  3:18  Zergling x2  
  40  3:23  Overlord  
  40  3:25  Drone  
  41  3:27  Drone  
  42  3:34  Roach Warren  
  42  3:40  Zergling x6  
  44  3:44  Drone x2  
  44  3:45  Drone  
  47  3:50  Zergling x2  
  47  3:54  Overlord  
  48  3:59  Overlord  
  47  4:03  Queen, Drone  
  47  4:06  Overlord  
  50  4:10  Drone x2  
  52  4:18  Drone x5  
  52  4:19  Drone  
  52  4:23  Overlord  
  58  4:29  Evolution Chamber  
  57  4:32  Lair  
  57  4:35  Roach x2  
  61  4:39  Overlord  
  61  4:46  Drone  
  61  4:47  Drone x5  
  61  4:48  Drone  
  61  4:50  Drone  
  61  4:51  Drone  
  61  4:52  Drone  
  68  4:57  Drone  
  68  4:58  Drone  
  67  5:00  Drone  
  67  5:02  Extractor x2  
  67  5:05  Spore Crawler, Extractor  
  67  5:06  Drone x3  
  67  5:07  Drone  
  68  5:10  Drone  
  69  5:14  Evolution Chamber  
  69  5:15  Drone  
  69  5:17  Drone  
  69  5:18  Queen  
  69  5:21  Drone  
  73  5:26  Drone  
  73  5:28  Extractor  
  73  5:29  Extractor  
  73  5:30  Drone  
  73  5:31  Drone  
  73  5:33  Drone  
  73  5:34  Drone  
  73  5:35  Hatchery  
  75  5:36  Glial Reconstitution  
  75  5:40  Drone x2  
  75  5:41  Drone  
  75  5:42  Drone  
  79  5:43  Drone  
  79  5:47  Roach  
  79  5:48  Roach  
  85  5:50  Roach  
  85  5:51  Spine Crawler  
  85  5:55  Roach x2  
  85  5:56  Overlord x2  
  90  6:02  Overlord  
  90  6:03  Zerg Ground Armor Level 1  
  87  6:13  Roach x2  
  87  6:16  Drone x2  
  87  6:17  Drone x4  
  89  6:18  Drone  
  89  6:23  Drone x3  
  89  6:24  Drone  
  94  6:27  Drone, Zerg Missile Weapons Level 1  
  94  6:30  Drone  
  96  6:32  Infestation Pit  
  95  6:41  Roach x2  
  95  6:43  Roach  
  95  6:45  Queen  
  95  6:46  Hatchery  
  102  6:47  Roach  
  102  6:49  Roach  
  102  6:50  Overlord  
  102  6:52  Overlord  
  106  6:54  Overlord  
  106  6:57  Overlord  
  106  6:59  Overlord  
  106  7:02  Overlord  
  106  7:04  Overlord  
  106  7:11  Burrow  
  106  7:12  Infestor x2  
  106  7:14  Roach x2  
  106  7:15  Ravager, Roach  
  117  7:16  Ravager x2  
  117  7:21  Roach x3  
  117  7:22  Roach  
  127  7:25  Roach  
  127  7:27  Ravager x3  
  127  7:28  Roach  
  134  7:31  Roach x2  
  134  7:32  Roach  
  134  7:35  Roach x2  
  144  7:37  Roach  
  144  7:39  Roach  
  144  7:41  Extractor  
  143  7:44  Roach x3  
  143  7:46  Roach  
  143  7:48  Roach  
  143  7:50  Roach x2  
  151  7:52  Roach  
  147  8:00  Infestor  
  147  8:01  Drone x2  
  138  8:05  Drone x2  
  138  8:06  Drone x2  
  138  8:07  Drone  
  142  8:12  Hive  
  142  8:14  Zergling x4  
  142  8:15  Zergling x2  
  142  8:17  Roach  
  147  8:20  Ravager x2  
  147  8:21  Roach x2  
  147  8:23  Zergling x2  
  154  8:28  Zergling x2  
  154  8:29  Overlord  
  154  8:32  Overlord  
  154  8:33  Overlord  
  155  8:34  Zergling x2  
  155  8:35  Zergling x4  
  158  8:49  Extractor, Zergling x14  
  164  8:56  Overlord  
  164  8:58  Zerg Ground Armor Level 2, Zergling x4  
  164  8:59  Zerg Melee Weapons Level 1  
  166  9:04  Hatchery  
  166  9:09  Infestor  
  163  9:13  Zergling x22  
  172  9:23  Overlord  
  172  9:26  Adrenal Glands  
  172  9:28  Zergling x14, Ultralisk Cavern  
  178  9:34  Zergling x10  
  182  9:42  Queen  
  184  9:59  Overlord  
  184  10:04  Baneling Nest, Spire  
  182  10:09  Pneumatized Carapace, Overlord  
  182  10:10  Overlord  
  182  10:17  Chitinous Plating, Ultralisk x3  
  184  10:53  Ultralisk x3  
  184  10:54  Ultralisk x2  
  196  11:00  Centrifical Hooks  
  196  11:08  Zergling x6  
  199  11:31  Zergling x4  
  199  11:36  Zergling x14  
  163  11:48  Ultralisk x3  
  163  11:50  Zergling x6  
  163  11:51  Zergling x6  
  179  11:54  Ultralisk  
  179  11:58  Corruptor  
  174  12:07  Zergling x6  
  176  12:09  Ultralisk  
  178  12:17  Ultralisk  
  178  12:21  Hatchery  
  183  12:24  Zergling x12  
  188  12:31  Ultralisk  
Show
View Real Time Build Order
Export as new Build Order

TIME Terran 

Build Orders: Reaper Expand, Bio Tank 

Get SALT Encoding   

  12  0:00  SCV  
  13  0:12  SCV  
  14  0:17  Supply Depot  
  14  0:25  SCV  
  15  0:29  Refinery  
  15  0:39  SCV  
  16  0:46  Barracks  
  16  0:51  SCV  
  17  1:03  SCV  
  18  1:15  SCV  
  19  1:33  Orbital Command, Reaper  
  20  1:43  Command Center  
  20  1:55  Factory  
  20  1:58  SCV  
  21  2:06  Barracks Reactor  
  21  2:10  SCV  
  21  2:14  Supply Depot  
  22  2:17  Refinery  
  22  2:23  SCV  
  23  2:36  SCV  
  24  2:45  Starport  
  24  2:48  SCV  
  24  2:49  Hellion x2  
  29  3:00  Orbital Command, SCV  
  30  3:07  Barracks Tech Lab  
  30  3:11  Hellion  
  30  3:12  Hellion  
  34  3:13  SCV  
  35  3:22  Medivac  
  35  3:26  SCV x2  
  39  3:32  Supply Depot  
  39  3:36  Marine  
  39  3:37  Stimpack  
  39  3:38  SCV  
  41  3:42  SCV  
  42  3:50  SCV  
  42  3:54  SCV  
  42  3:55  Supply Depot  
  44  4:02  SCV  
  44  4:07  SCV, Barracks  
  44  4:09  Barracks  
  45  4:13  Starport Reactor, Factory Reactor  
  45  4:14  Marine  
  45  4:16  SCV  
  47  4:19  SCV  
  47  4:21  Engineering Bay  
  48  4:28  SCV  
  48  4:31  SCV  
  50  4:37  Marine  
  50  4:38  Supply Depot  
  51  4:40  SCV  
  51  4:43  SCV  
  48  4:53  SCV  
  48  4:55  SCV  
  48  4:58  Terran Infantry Weapons Level 1  
  48  4:59  Marine x2  
  48  5:04  Marine  
  48  5:05  SCV, Marine x2  
  48  5:06  Medivac x2  
  56  5:07  SCV  
  56  5:10  Factory Tech Lab  
  57  5:16  Marine  
  57  5:17  Marine, SCV  
  57  5:19  SCV  
  61  5:22  Marine  
  61  5:23  Marine  
  61  5:24  Marine  
  61  5:25  Supply Depot  
  64  5:29  SCV  
  64  5:30  Siege Tank  
  64  5:34  Marine x2  
  70  5:39  Combat Shields  
  70  5:46  Marine x3  
  73  5:50  Command Center  
  73  5:51  Supply Depot  
  73  5:52  Marine  
  73  5:53  Marine, SCV, Supply Depot  
  76  5:57  Medivac  
  78  6:13  Siege Tank, Marine x4  
  76  6:18  Marine  
  76  6:22  SCV, Medivac  
  76  6:25  Refinery x2  
  78  6:26  SCV  
  78  6:30  Marine x3  
  82  6:33  Marine  
  82  6:35  Barracks  
  82  6:36  Marine  
  82  6:39  Barracks  
  83  6:42  Medivac  
  83  6:43  SCV  
  85  6:48  Marine x3  
  85  6:50  SCV  
  85  6:51  Marine  
  90  6:54  Marine  
  90  7:00  Siege Tank  
  94  7:02  SCV  
  94  7:03  Orbital Command  
  94  7:05  SCV  
  94  7:06  Terran Infantry Armor Level 1, Marine x3  
  94  7:07  Supply Depot  
  99  7:09  Marine  
  99  7:12  Marine  
  101  7:16  SCV  
  101  7:20  SCV  
  103  7:24  Marine x3  
  103  7:27  Barracks Reactor x2, Marine  
  103  7:28  SCV  
  108  7:31  Armory, Supply Depot  
  108  7:32  Orbital Command, Engineering Bay  
  108  7:33  SCV, Marine  
  110  7:42  Marine x2  
  110  7:43  Marine  
  111  7:46  Marine  
  101  7:51  Marine  
  101  7:52  Siege Tank  
  102  7:59  Marine x2  
  102  8:01  Marine  
  102  8:04  Marine x4  
  102  8:05  Marine  
  97  8:06  SCV x2  
  97  8:09  SCV  
  97  8:10  Marine  
  101  8:15  Factory  
  101  8:17  Marine  
  101  8:18  SCV x2  
  101  8:19  Marine  
  105  8:20  Supply Depot  
  105  8:21  Marine, SCV  
  105  8:22  Marine  
  108  8:29  Marine x2  
  108  8:30  Marine  
  108  8:31  Siege Tank, Marine  
  108  8:33  SCV  
  116  8:35  Refinery x2  
  116  8:38  Terran Vehicle Weapons Level 1, Terran Infantry Weapons Level 2  
  116  8:39  Marine x2  
  118  8:41  SCV  
  118  8:43  Marine  
  118  8:44  Supply Depot  
  118  8:45  Marine  
  121  8:48  Marine  
  121  8:50  Marine  
  121  8:51  Marine  
  121  8:53  Marine  
  124  8:57  Medivac x2  
  124  9:02  Marine x2  
  129  9:03  Marine x2  
  129  9:04  Terran Infantry Armor Level 2  
  129  9:08  Marine  
  130  9:11  Marine  
  130  9:12  Marine  
  130  9:13  Siege Tank, Factory Tech Lab  
  127  9:18  Marine x2  
  129  9:25  Barracks, Command Center  
  129  9:26  Barracks  
  129  9:27  Marine  
  129  9:28  Marine  
  131  9:34  Marine  
  131  9:35  Liberator, Marine  
  131  9:37  Marine  
  131  9:38  Marine  
  134  9:39  Medivac  
  134  9:40  Siege Tank  
  134  9:44  Marine x2  
  141  9:50  Marine x2  
  141  9:51  Supply Depot  
  143  9:52  Supply Depot  
  143  9:53  Marine  
  143  9:59  Command Center  
  147  10:02  Marine x2  
  149  10:12  Marine x4  
  149  10:13  Siege Tank  
  156  10:14  Siege Tank  
  156  10:15  Barracks Tech Lab  
  156  10:16  Barracks Tech Lab, Supply Depot  
  156  10:17  Marine  
  156  10:19  Marine  
  156  10:20  Liberator  
  161  10:22  Marauder  
  163  10:32  Marine x2  
  165  10:37  Marine x2  
  165  10:41  Marauder  
  172  10:49  Liberator, Marauder  
  156  10:53  Marine  
  156  10:54  Marauder, Marine  
  156  10:56  Marine x3  
  152  10:57  Siege Tank  
  152  11:01  Siege Tank  
  152  11:02  Marauder  
  160  11:06  Marine x2  
  160  11:10  Marauder  
  167  11:22  Marauder  
  167  11:23  Marauder  
  167  11:25  Marine  
  171  11:29  Siege Tank  
  171  11:30  Marine x2  
  171  11:31  Marine  
  171  11:32  Marauder  
  164  11:39  Liberator  
  99  11:40  Liberator  
  158  11:42  Marine  
  158  11:43  Marauder  
  158  11:44  Marine  
  158  11:45  Marauder, Marine  
  135  11:47  Marine  
  135  11:49  Marine x2  
  135  11:51  Marine x2  
  135  11:53  Marauder  
  124  12:00  Marine  
  129  12:02  Marine  
  129  12:04  Starport  
  129  12:08  Marauder x2  
  129  12:20  Planetary Fortress  
  129  12:21  SCV  
  129  12:22  SCV  
  131  12:27  SCV  
  131  12:29  Ghost Academy  
  132  12:32  Marine  
  132  12:33  Marauder  
  132  12:34  SCV  
  132  12:36  Marine  
  132  12:37  Marine x4  
  114  12:38  Marauder x2  
  114  12:41  Marine, SCV  
  114  12:43  Marine  
  107  12:50  Marine  
  101  12:55  Starport Reactor  
  101  12:57  SCV  
Tags
 
Add a new tag
Caveats
  • Supply blocks, unpowered buildings, or Contaminate may cause inaccurate times.
  • Supply counts are checked every 10 seconds.